 Dungeon Crawl Stone Soup version 0.24-a0-530-g18ba70b503 (webtiles) character file.

Game seed: 11800189420798048951

80 Mithandil the Shooter (level 4, -10/37 HPs)
             Began as a Centaur Hunter on Aug 7, 2019.
             Mangled by an ogre
             ... wielding a +0 giant club
              (21 damage)
             ... on level 3 of the Dungeon on Aug 8, 2019.
             The game lasted 00:13:09 (1775 turns).

Mithandil the Shooter (Centaur Hunter)              Turns: 1775, Time: 00:13:12

Health: -10/37     AC:  4    Str: 15    XL:     4   Next: 18%
Magic:  4/4        EV:  9    Int: 10    God:
Gold:   77         SH:  0    Dex: 10    Spells: 3/3 levels left

rFire    . . .     SeeInvis .   b - +0 long sword
rCold    . . .     Gourm    .   (no shield)
rNeg     . . .     Faith    .   c - +0 leather armour
rPois    .         Spirit   .   (no helmet)
rElec    .         Reflect  .   (no cloak)
rCorr    .         Harm     .   (no gloves)
MR       .....                  (no barding)
Stlth    +.........             (no amulet)
HPRegen  0.12/turn              (no ring)
MPRegen  0.09/turn              (no ring)

@: very quick
A: large, hooves 3, deformed body, speed 2, tough skin 3
a: no special abilities


You were on level 3 of the Dungeon.
You were not hungry.

You visited 1 branch of the dungeon, and saw 4 of its levels.

You collected 77 gold pieces.

Inventory:

Hand Weapons
 a - a +1 shortbow
 b - a +0 long sword (weapon)
 e - a +1 mace of crushing
 i - a +0 club
 j - a +2 dagger of speed
 n - a +0 hand axe
 p - a +0 dagger of venom
Missiles
 d - 40 arrows
 v - 22 bolts
Armour
 c - a +0 leather armour (worn)
Jewellery
 t - an uncursed ring of wizardry {unknown}
 x - an uncursed amulet of regeneration {unknown}
Scrolls
 l - a scroll of teleportation {unknown}
 m - a scroll of fear {unknown}
 u - a scroll of amnesia {unknown}
 y - a scroll of identify
Potions
 g - a potion of might {unknown}
 k - a potion of ambrosia {unknown}
 o - a potion of lignification {unknown}
 q - a potion of resistance {unknown}
 r - a potion of magic {unknown}
 s - a potion of agility {unknown}
 w - a potion of curing {unknown}
 z - a potion of invisibility {unknown}
Comestibles
 f - 6 rations


   Skills:
 + Level 2.6 Fighting
 * Level 6.3 Bows
 + Level 1.9 Dodging
 + Level 1.1 Stealth


You had 3 spell levels left.
You didn't know any spells.
Your spell library was empty.

Dungeon Overview and Level Annotations

Branches:
Dungeon (4/15)
 Temple: D:4-7

Altars:
Elyvilon
Wu Jian


Innate Abilities, Weirdness & Mutations

You have hooves in place of feet.
Armour fits poorly on your strangely shaped body.
You cover ground very quickly.
You have extremely tough skin. (AC +3)


Message History

Things that are here:
an arrow; a frilled lizard corpse Firing (i - inventory)
d - 42 arrows (quivered)
Press: ? - help, Shift-Dir - straight line, f - ogre
Aim: an ogre, wielding a +0 giant club You shoot an arrow.
The arrow barely misses the ogre.
Firing (i - inventory)
d - 41 arrows (quivered)
Press: ? - help, Shift-Dir - straight line, f/p - ogre
Aim: an ogre, wielding a +0 giant club You shoot an arrow.
The arrow hits the ogre.
The ogre is lightly wounded.
b - a +0 long sword (weapon)
You hit the ogre. Your kick misses the ogre.
The ogre is lightly wounded.
The ogre hits you with a +0 giant club!!
Ouch! That really hurt!
* * * LOW HITPOINT WARNING * * *
The ogre hits you with a +0 giant club!!
Ouch! That really hurt!
You die...

..# #.###. ..##.. #.#
#.###..##. .)..(.# #.#
#.#.....#. ....... #.#
##.#.#.#.#.
.......##.####..........
................#.#.#.##
......(.........#...(.#
#...(gO##.#####.###.###
#(@........# #.#
..........####### #.#
.#...#.#### ##. #. # #.
#. #. ##


You could see an ogre and a hobgoblin.

Vanquished Creatures
  2 adders (D:2)
  A worm (D:2)
  3 dart slugs (D:1)
  2 leopard geckos (D:1)
  3 giant cockroaches
  9 goblins
  4 hobgoblins
  5 kobolds
  A quokka (D:3)
  A ball python (D:2)
  8 bats
  5 frilled lizards
  4 rats
48 creatures vanquished.

Vanquished Creatures (others)
  A goblin (D:2)
1 creature vanquished.

Grand Total: 49 creatures vanquished

Notes
Turn   | Place    | Note
-------+----------+-------------------------------------------
     0 | D:1      | Mithandil the Centaur Hunter began the quest for the Orb.
     0 | D:1      | Reached XP level 1. HP: 17/17 MP: 1/1
   143 | D:1      | Reached XP level 2. HP: 24/24 MP: 2/2
   235 | D:2      | Reached XP level 3. HP: 26/30 MP: 3/3
   384 | D:3      | Reached skill level 6 in Bows
   384 | D:3      | Reached skill level 1 in Stealth
  1020 | D:2      | Found a white marble altar of Elyvilon.
  1052 | D:2      | Reached XP level 4. HP: 26/37 MP: 4/4
  1260 | D:2      | Found an ornate altar of the Wu Jian Council.
  1768 | D:3      | Noticed an ogre
  1775 | D:3      | Mangled by an ogre

Levels and vault maps discovered:
D:1:      dpeg_arrival_water_altar, layout_loops_ring
D:2:      layout_basic, elyvilon_altar_4, nicolae_overflow_crystal_walls
D:3:      layout_loops_ring, nicolae_overflow_hidden_temple,
          lemuel_coloured_pillars_altar, first_ration, grunt_decor_arrowhead,
          minmay_puff, uniq_terence
D:4:      minmay_angry_zag, layout_rooms, temple_hall, serial_shops,
          nicolae_shop_overgrown_old_shop

Skill      XL: |  1  2  3 |
---------------+----------+-----
Bows           | 6 |  6.3
Stealth        | 1 |  1.1
Fighting       | |  2.6
Dodging        | |  1.9

Action                   |  1- 3 |  4- 6 || total
-------------------------+-------+-------++-------
Melee: Long sword        |    16 |    12 ||    28
       Kick              |     3 |     1 ||     4
 Fire: Shortbow          |    72 |    24 ||    96
  Use: Scroll            |     1 |       ||     1
  Eat: Chunk             |       |     1 ||     1
Armor: Leather armour    |    16 |    20 ||    36
Dodge: Dodged            |    13 |    12 ||    25
       Rpst.: Long sword |     4 |     1 ||     5

Table legend:
 A = Non-vault XP
 B = Vault XP
 C = Vault XP percentage of total XP
 D = Non-vault monster count
 E = Vault monster count
 F = Vault count percentage of total count
                 A         B        C        D         E       F
            +---------+---------+-------+---------+---------+-------
      Total |     115 |       0 |   0.0 |      48 |       0 |   0.0
            +---------+---------+-------+---------+---------+-------
        D:1 |      50 |       0 |   0.0 |      26 |       0 |   0.0
        D:2 |      59 |       0 |   0.0 |      18 |       0 |   0.0
        D:3 |       6 |       0 |   0.0 |       4 |       0 |   0.0
            +---------+---------+-------+---------+---------+-------
